 Dungeon Crawl Stone Soup version 0.19-a0-585-ge40200b (webtiles) character file.

112 Ijustatesigmund the Poker (level 4, 0/38 HPs)
             Began as a Merfolk Fighter on June 9, 2016.
             Slain by Grinder (5 damage)
             ... while paralysed by Grinder
             ... on level 4 of the Dungeon.
             The game lasted 00:07:18 (2799 turns).

Ijustatesigmund the Poker (Merfolk Fighter)         Turns: 2799, Time: 00:07:19

Health: 0/38       AC:  6    Str: 16    XL:     4   Next: 95%
Magic:  4/4        EV:  2    Int: 12    God:
Gold:   149        SH:  0    Dex: 14    Spells: 0 memorised, 3 levels left

rFire  . . .     SeeInvis .     a - +0 trident
rCold  . . .     Gourm    .     b - +0 scale mail
rNeg   . . .     Faith    .     c - +1 shield
rPois  .         Spirit   .     (no helmet)
rElec  .         Dismiss  .     (no cloak)
rCorr  .         Reflect  .     (no gloves)
SustAt .         Harm     .     (no boots)
MR     .....                    (no amulet)
Stlth  ..........               (no ring)
                                (no ring)

@: paralysed, brilliant, very slightly contaminated, hasted, not resistant to
hostile enchantments, extremely unstealthy
A: change form in water, swift swim
a: no special abilities


You were on level 4 of the Dungeon.
You were not hungry.

You visited 1 branch of the dungeon, and saw 4 of its levels.

You collected 149 gold pieces.

Inventory:

Hand Weapons
 a - a +0 trident (weapon)
Armour
 b - a +0 scale mail (worn)
 c - a +1 shield (worn)
Wands
 r - a wand of acid (7/15)
Scrolls
 i - a scroll of recharging
 j - 2 scrolls of remove curse
 p - a scroll of enchant armour
Potions
 d - 2 potions of might
 l - a potion of curing {unknown}
 m - a potion of brilliance
 n - a potion of lignification {unknown}
 o - a potion of magic {unknown}
 q - a potion of flight {unknown}
Comestibles
 f - 5 bread rations
 g - 5 fruits
 k - 2 meat rations


   Skills:
 + Level 4.4 Fighting
 + Level 5.0 Polearms
 - Level 2.1 Armour
 + Level 2.6 Dodging
 - Level 3.0 Shields


You had 3 spell levels left.
You didn't know any spells.

Dungeon Overview and Level Annotations

Branches:
Dungeon (4/15)
 Temple: D:4-7

Altars:
Fedhas
Okawaru
Pakellas
Qazlal
Trog

Annotations:
D:4 Grinder


Message History

You bump into the rock wall.
You bump into the rock wall.
Grinder hits you.
You writhe in agony.
* * * LOW HITPOINT WARNING * * *
You bump into the rock wall.
Grinder gestures at you.
You suddenly lose the ability to move!
Grinder hits you.
You writhe in agony.
* * * LOW HITPOINT WARNING * * *
Grinder hits you.
* * * LOW HITPOINT WARNING * * *
You writhe in agony.
* * * LOW HITPOINT WARNING * * *
Grinder hits you.
* * * LOW HITPOINT WARNING * * *
You writhe in agony.
* * * LOW HITPOINT WARNING * * *
You feel less invigorated.
You feel less confused. Grinder hits you.
You die...

#.# #.# #.# ####.#
#....####
#######........
...........### ..
#......######..# #.
#....#..@5[...#
.######....#######...#
....#...##.# #. .
>........#.####..
##.#####...#..#.#
#..## ##..#....# #...#
#..#...# ##.#.###
#..#...# ##..#<..#
#.รท#...# ..


You could see Grinder.

Vanquished Creatures
  2 adders
  An ooze (D:3)
  2 worms
  4 dart slugs
  2 giant geckos
  6 orcs (D:3)
  7 bats
  9 giant cockroaches
  6 hobgoblins
  3 jackals (D:2)
  A quokka (D:3)
  4 giant newts
  8 goblins
  6 kobolds
  4 rats
65 creatures vanquished.

Vanquished Creatures (others)
  4 toadstools (D:1)
4 creatures vanquished.

Grand Total: 69 creatures vanquished

Notes
Turn   | Place    | Note
--------------------------------------------------------------
     0 | D:1      | Ijustatesigmund the Merfolk Fighter began the quest for the Orb.
     0 | D:1      | Reached XP level 1. HP: 18/18 MP: 1/1
   428 | D:1      | Reached XP level 2. HP: 24/24 MP: 2/2
   679 | D:1      | Reached skill level 1 in Dodging
  1141 | D:2      | Reached XP level 3. HP: 29/30 MP: 3/3
  1199 | D:2      | Reached skill level 4 in Polearms
  1236 | D:2      | Found a stormy altar of Qazlal.
  1239 | D:2      | Found a blossoming altar of Fedhas.
  1352 | D:2      | Found a bloodstained altar of Trog.
  1353 | D:2      | Found an iron altar of Okawaru.
  1593 | D:2      | Reached XP level 4. HP: 37/37 MP: 4/4
  2025 | D:3      | Found an oddly glowing altar of Pakellas.
  2455 | D:3      | Reached skill level 5 in Polearms
  2763 | D:4      | Noticed Grinder
  2770 | D:4      | Paralysed by Grinder for 4 turns
  2795 | D:4      | Paralysed by Grinder for 5 turns
  2799 | D:4      | Slain by Grinder

Vault maps used:
D:1:      ldierk_walled_garden_2, kennysheep_pointless_box
D:2:      grunt_temple_overflow_forces_of_nature,
          gammafunk_temple_overflow_pools, minivault_26
D:3:      grunt_pakellas_basics, minmay_misc_feat_tiny
D:4:      cheibriados_altar_wand_db, grunt_temple_overflow_diamond,
          portal_sewer_entry_d, first_bread, uniq_grinder

Skill      XL: |  1  2  3  4 |
---------------+-------------+-----
Dodging        | 1 2 |  2.6
Fighting       | 4 |  4.4
Polearms       | 4 5 |  5.0
Armour         | |  2.1
Shields        | |  3.0

Action                   |  1- 3 |  4- 6 || total
-------------------------+-------+-------++-------
Melee: Trident           |   120 |   103 ||   223
  Use: Scroll            |     6 |     4 ||    10
       Potion            |       |     4 ||     4
  Eat: Chunk             |     2 |     4 ||     6
Armor: Scale mail        |    34 |    31 ||    65
Dodge: Dodged            |    33 |    17 ||    50
Block: Shield            |    48 |    42 ||    90
